[Event "Czech Youth U14 Boys 2024"]
[Site "Kouty nad Desnou"]
[Date "2024.03.15"]
[Round "8.7"]
[White "Mydlar, Matej"]
[Black "Roubal, Matyas"]
[Result "1/2-1/2"]
[ECO "B57"]
[WhiteElo "1819"]
[BlackElo "1849"]
[Annotator "NA COMBH"]
[PlyCount "118"]
[EventDate "2024.03.10"]
[EventType "swiss"]
[EventCountry "CZE"]
[SourceTitle "playchess.com"]
[Source "ChessBase"]
[SourceQuality "1"]
[TimeControl "40/5400+30:1800+30"]

1. e4 c5 2. Nf3 Nc6 3. d4 cxd4 4. Nxd4 Nf6 5. Nc3 d6 6. Bc4 Bd7 7. O-O g6 8. h3 Bg7 9. Be3 Rc8 10. Bb3 Na5 11. Qd3 Nxb3 12. axb3 a6 13. f4 O-O 14. Rfe1 Qc7 15. Rad1 Rfd8 16. Bf2 e5 17. Nf3 Bc6 18. fxe5 dxe5 19. Qe2 b5 20. b4 a5 21. bxa5 b4 22. Bb6 Qe7 23. Bxd8 Rxd8 24. Nd5 Nxd5 25. exd5 Bxd5 26. Nxe5 Qc5+ 27. Qf2 Qxa5 28. c4 bxc3 29. bxc3 Qc7 30. c4 Be6 31. Rxd8+ Qxd8 32. Qf4 Qc7 33. Kh1 Bxe5 34. Rxe5 Qxc4 35. Re4 Qc3 36. Kh2 Kg7 37. Rd4 Qa5 38. Rb4 Qf5 39. Qd4+ Qf6 40. Qe4 Qf5 41. Qxf5 Bxf5 42. g4 Be6 43. Kg3 g5 44. Rb5 Kg6 45. h4 gxh4+ 46. Kxh4 h6 47. Rb6 Kg7 48. Kh5 Kh7 49. Kh4 Kg6 50. Ra6 Kg7 51. Kg3 Kg6 52. Kh4 Kg7 53. Kh5 Kh7 54. Ra5 Kg7 55. Re5 Kf6 56. Re2 Kg7 57. Rf2 Bd7 58. Rb2 Be6 59. Rb7 Kh7 1/2-1/2

[Event "Czech Youth U14 Boys 2024"]
[Site "Kouty nad Desnou"]
[Date "2024.03.15"]
[Round "8.8"]
[White "Svadlenka, Dominik"]
[Black "Jezek, Jakub"]
[Result "0-1"]
[ECO "A75"]
[WhiteElo "1888"]
[BlackElo "1854"]
[Annotator "NA COMBH"]
[PlyCount "88"]
[EventDate "2024.03.10"]
[EventType "swiss"]
[EventCountry "CZE"]
[SourceTitle "playchess.com"]
[Source "ChessBase"]
[SourceQuality "1"]
[TimeControl "40/5400+30:1800+30"]

1. d4 Nf6 2. c4 g6 3. Nc3 Bg7 4. e4 d6 5. Be2 O-O 6. Nf3 c5 7. d5 e6 8. O-O exd5 9. cxd5 a6 10. a4 Bg4 11. Nd2 Bxe2 12. Qxe2 Nbd7 13. f4 Ne8 14. Nc4 Qe7 15. Qf3 f5 16. Re1 fxe4 17. Rxe4 Qf6 18. Qg4 Rd8 19. Na5 Qf7 20. Qe2 Bxc3 21. bxc3 Qxd5 22. c4 Qh5 23. Qxh5 gxh5 24. Re6 Rf6 25. Nxb7 Rxe6 26. Nxd8 Re4 27. Nc6 Rxc4 28. a5 Nef6 29. Bd2 d5 30. Rb1 Rc2 31. Be1 d4 32. Kf1 Ng4 33. Ne7+ Kf7 34. Nd5 Ke6 35. Nc7+ Kf5 36. Nxa6 Ne3+ 37. Kg1 Rxg2+ 38. Kh1 d3 39. Nc7 d2 40. Bxd2 Rxd2 41. a6 Ra2 42. h4 c4 43. Rc1 Nc5 44. Re1 Kxf4 0-1

[Event "Czech Youth U14 Boys 2024"]
[Site "Kouty nad Desnou"]
[Date "2024.03.15"]
[Round "8.9"]
[White "Macosek, Alex"]
[Black "Pogorelskiy, Boris"]
[Result "1-0"]
[ECO "D00"]
[WhiteElo "1781"]
[BlackElo "1747"]
[Annotator "NA COMBH"]
[PlyCount "85"]
[EventDate "2024.03.10"]
[EventType "swiss"]
[EventCountry "CZE"]
[SourceTitle "playchess.com"]
[Source "ChessBase"]
[SourceQuality "1"]
[TimeControl "40/5400+30:1800+30"]

1. d4 d5 2. Bf4 c5 3. e3 Nc6 4. c3 Qb6 5. Qb3 c4 6. Qc2 Bf5 7. Qc1 Nf6 8. Nd2 e6 9. Ngf3 h6 10. Be2 Be7 11. O-O O-O 12. Bd1 Rac8 13. Bc2 Bxc2 14. Qxc2 Nh5 15. Bg3 Nxg3 16. hxg3 Qc7 17. e4 b5 18. a3 a5 19. exd5 exd5 20. Qf5 Rfd8 21. Rfe1 b4 22. axb4 axb4 23. Ne5 Nxe5 24. Rxe5 bxc3 25. bxc3 Qb7 26. Rb1 Qd7 27. Qxd7 Rxd7 28. Rb5 Rcd8 29. Nf1 f6 30. Re6 Kf7 31. Ra6 g6 32. Ne3 f5 33. Rbb6 Rg8 34. Nc2 h5 35. Ne1 Rgd8 36. Rxg6 Rd6 37. Rgxd6 Rxd6 38. Rxd6 Bxd6 39. Kf1 Ba3 40. Ke2 Kf6 41. Kd2 Kg5 42. Nc2 Bb2 43. Ne3 1-0

[Event "Czech Youth U14 Boys 2024"]
[Site "Kouty nad Desnou"]
[Date "2024.03.15"]
[Round "8.10"]
[White "Srba, Daniel"]
[Black "Gregor, Alexandr"]
[Result "1-0"]
[ECO "B34"]
[WhiteElo "1742"]
[BlackElo "1777"]
[Annotator "NA COMBH"]
[PlyCount "57"]
[EventDate "2024.03.10"]
[EventType "swiss"]
[EventCountry "CZE"]
[SourceTitle "playchess.com"]
[Source "ChessBase"]
[SourceQuality "1"]
[TimeControl "40/5400+30:1800+30"]

1. e4 c5 2. Nf3 Nc6 3. d4 cxd4 4. Nxd4 g6 5. Nc3 Bg7 6. Be3 Nf6 7. f3 O-O 8. Qd2 d5 9. Nxc6 bxc6 10. e5 Nd7 11. f4 e6 12. O-O-O c5 13. Bb5 d4 14. Bxd4 cxd4 15. Qxd4 Qc7 16. Bxd7 Rd8 17. Nb5 Qxd7 18. Qb4 Rb8 19. Rxd7 Bxd7 20. Rd1 a6 21. a4 axb5 22. axb5 Ra8 23. Kb1 Bf8 24. Qb3 Be7 25. b6 Kf8 26. b7 Rab8 27. Qb6 Ke8 28. Qc7 h5 29. Rxd7 1-0

[Event "Czech Youth U14 Boys 2024"]
[Site "Kouty nad Desnou"]
[Date "2024.03.15"]
[Round "8.11"]
[White "Stary, Vojtech"]
[Black "Trcalek, Filip"]
[Result "1-0"]
[ECO "C47"]
[WhiteElo "1950"]
[BlackElo "1615"]
[Annotator "RC"]
[PlyCount "179"]
[EventDate "2024.03.10"]
[EventType "swiss"]
[EventCountry "CZE"]
[SourceTitle "playchess.com"]
[Source "ChessBase"]
[SourceQuality "1"]
[TimeControl "40/5400+30:1800+30"]

1. e4 e5 2. Nf3 Nc6 3. Nc3 Nf6 4. d4 exd4 5. Nxd4 Bb4 6. Nxc6 bxc6 7. Bd3 d5 8. exd5 cxd5 9. O-O O-O 10. Bg5 c6 11. Qf3 Be7 12. h3 Be6 13. Rfe1 Rb8 14. b3 Bb4 15. Bd2 c5 16. Nb1 c4 17. Bxb4 Rxb4 18. c3 Rb6 19. Bc2 Qc7 20. Nd2 Rd8 21. Rad1 Rbd6 22. bxc4 dxc4 23. Ne4 Nxe4 24. Qxe4 g6 25. Rxd6 Rxd6 26. Rd1 Rxd1+ 27. Bxd1 Qa5 28. Qc2 Qa3 29. Bg4 Bxg4 30. hxg4 Qe7 31. Qd2 Qc5 32. Kf1 Kf8 33. g5 Qc7 34. Qd4 Ke7 35. Qf6+ Ke8 36. Ke2 Qc5 37. f4 Qa3 38. Qc6+ Kf8 39. Qxc4 Qb2+ 40. Kf3 Qb7+ 41. Kg3 Kg8 42. Qd4 Qc7 43. c4 Qe7 44. c5 Qe1+ 45. Qf2 Qc3+ 46. Kh2 Kf8 47. c6 Qxc6 48. Qxa7 Qd6 49. Qe3 Qa6 50. a3 Qd6 51. Qc1 Qb6 52. Qc8+ Kg7 53. Qc3+ Kg8 54. Qb4 Qc7 55. a4 Qa7 56. a5 Qf2 57. a6 Kg7 58. Qc3+ Kg8 59. Qg3 Qa7 60. Qd3 Qf2 61. Qe4 Qa7 62. Qe8+ Kg7 63. Qe5+ Kg8 64. Qe2 Kg7 65. Kg3 Kg8 66. Kf3 Qa8+ 67. Kf2 Qb8 68. Kg3 Qa7 69. Qe8+ Kg7 70. Qe5+ Kg8 71. Qd6 Qe3+ 72. Kh2 Qf2 73. Qb4 Qa7 74. Qa3 Kg7 75. Kg3 Kg8 76. Kf3 Qa8+ 77. Kf2 Qa7+ 78. Kf1 Qd4 79. a7 Qxf4+ 80. Kg1 Qd4+ 81. Kh2 Qh4+ 82. Qh3 Qf4+ 83. Qg3 Qe4 84. Qb8+ Kg7 85. Qb2+ Kg8 86. Qa1 Qa8 87. Qd4 Qc8 88. Qb6 Kg7 89. Qb2+ f6 90. Qb8 1-0

[Event "Czech Youth U14 Boys 2024"]
[Site "Kouty nad Desnou"]
[Date "2024.03.15"]
[Round "8.12"]
[White "Lorenc, Matej"]
[Black "Migalko, Dmitriy"]
[Result "1/2-1/2"]
[ECO "D43"]
[WhiteElo "1637"]
[BlackElo "1896"]
[Annotator "NA COMBH"]
[PlyCount "126"]
[EventDate "2024.03.10"]
[EventType "swiss"]
[EventCountry "CZE"]
[SourceTitle "playchess.com"]
[Source "ChessBase"]
[SourceQuality "1"]
[TimeControl "40/5400+30:1800+30"]

1. d4 d5 2. c4 e6 3. Nc3 Nf6 4. Nf3 c6 5. Bg5 Be7 6. e3 O-O 7. Bd3 Nbd7 8. O-O h6 9. Bh4 Re8 10. cxd5 exd5 11. Rc1 Ne4 12. Bxe7 Qxe7 13. Nd2 Ndf6 14. Ndxe4 dxe4 15. Bc4 Bf5 16. Ne2 g5 17. Ng3 Be6 18. Qb3 Bxc4 19. Qxc4 Nd5 20. Qe2 Qe6 21. Qh5 Kg7 22. Qh3 Qxh3 23. gxh3 Kg6 24. a3 f5 25. Rfe1 Re7 26. Ne2 Rae8 27. Nc3 Nb6 28. b3 f4 29. Kg2 f3+ 30. Kh1 h5 31. Rg1 Rd8 32. h4 g4 33. a4 Nc8 34. Rgd1 Nd6 35. h3 g3 36. Rg1 Nf5 37. Nd1 g2+ 38. Kh2 Nxh4 39. Nb2 Nf5 40. Nc4 Nh6 41. Ne5+ Kf6 42. Rc5 Nf5 43. Rgc1 Rd5 44. Rxd5 cxd5 45. Rc8 b6 46. Rg8 Ng7 47. Rc8 Ne8 48. Rc6+ Kg7 49. Rg6+ Kh7 50. Rc6 Rg7 51. Kg1 Rc7 52. b4 Rxc6 53. Nxc6 a6 54. Ne5 Nd6 55. Nd7 Nc4 56. Nf6+ Kg6 57. Nxd5 Kg5 58. Nc3 Kf5 59. Nd5 b5 60. a5 Na3 61. Nc3 h4 62. Kh2 Nc2 63. Nxb5 Nxb4 1/2-1/2

[Event "Czech Youth U14 Boys 2024"]
[Site "Kouty nad Desnou"]
[Date "2024.03.16"]
[Round "9.1"]
[White "Soucek, Andrej"]
[Black "Topencik, Bruno"]
[Result "0-1"]
[ECO "D37"]
[WhiteElo "1825"]
[BlackElo "2006"]
[Annotator "NA RC"]
[PlyCount "36"]
[EventDate "2024.03.10"]
[EventType "swiss"]
[EventCountry "CZE"]
[SourceTitle "playchess.com"]
[Source "ChessBase"]
[SourceQuality "1"]
[TimeControl "40/5400+30:1800+30"]

1. d4 e6 2. c4 Nf6 3. Nf3 d5 4. Nc3 dxc4 5. Qa4+ Nbd7 6. Qxc4 a6 7. a4 c5 8. Qd3 cxd4 9. Qxd4 Bc5 10. Qd3 O-O 11. Bg5 Qb6 12. e3 Qxb2 13. Rb1 Qa3 14. Nd2 Bb4 15. Rb3 Qc1+ 16. Nd1 Qxd2+ 17. Qxd2 Bxd2+ 18. Kxd2 Ne4+ 0-1

[Event "Czech Youth U14 Boys 2024"]
[Site "Kouty nad Desnou"]
[Date "2024.03.16"]
[Round "9.2"]
[White "Kroulik, Vaclav"]
[Black "Martirosyan, David"]
[Result "1/2-1/2"]
[ECO "B11"]
[WhiteElo "1936"]
[BlackElo "1981"]
[Annotator "RC"]
[PlyCount "69"]
[EventDate "2024.03.10"]
[EventType "swiss"]
[EventCountry "CZE"]
[SourceTitle "playchess.com"]
[Source "ChessBase"]
[SourceQuality "1"]
[TimeControl "40/5400+30:1800+30"]

1. e4 c6 2. Nc3 d5 3. Nf3 Bg4 4. h3 Bxf3 5. Qxf3 e6 6. d3 Nd7 7. Bd2 Qb6 8. O-O-O d4 9. Nb1 a5 10. g4 Nc5 11. Na3 Na4 12. Nc4 Qd8 13. e5 Bc5 14. Bg2 Ne7 15. Qf4 O-O 16. h4 b5 17. Nd6 Nd5 18. Bxd5 cxd5 19. h5 Bxd6 20. exd6 f6 21. Qxd4 Qxd6 22. g5 e5 23. Qh4 f5 24. d4 e4 25. Qf4 Ra6 26. Qxd6 Rxd6 27. Bxa5 Re6 28. Bc7 Nb6 29. b3 Rc8 30. Bf4 Rec6 31. Rd2 Rc3 32. Be3 Nd7 33. Kb2 Nf8 34. Rh4 Ne6 35. Re2 1/2-1/2

[Event "Czech Youth U14 Boys 2024"]
[Site "Kouty nad Desnou"]
[Date "2024.03.16"]
[Round "9.3"]
[White "Popov, Roman"]
[Black "Krivka, Matej"]
[Result "0-1"]
[ECO "E61"]
[WhiteElo "2353"]
[BlackElo "1850"]
[Annotator "TA"]
[PlyCount "74"]
[EventDate "2024.03.10"]
[EventType "swiss"]
[EventCountry "CZE"]
[SourceTitle "playchess.com"]
[Source "ChessBase"]
[SourceQuality "1"]
[TimeControl "40/5400+30:1800+30"]

1. d4 Nf6 2. c4 g6 3. Nc3 Bg7 4. Nf3 O-O 5. Bg5 d6 6. e3 h6 7. Bh4 Nbd7 8. Be2 c5 9. d5 Ng4 (9... g5 $11 {keeps the balance.}) 10. O-O g5 11. Bg3 {[%emt 0:02:12][%cal Of3g5] White is slightly better.} Nge5 (11... f5 $14) 12. Nxe5 $16 Nxe5 13. Qc2 (13. f4 $142 Ng6 14. fxg5) 13... Bd7 14. a3 Qc8 15. f4 gxf4 16. exf4 Bf5 17. Ne4 Ng4 18. Bxg4 Bxg4 19. Rae1 f5 (19... Re8 $14) 20. Nf2 Qd7 (20... Bh5 $16) 21. Nxg4 fxg4 22. Re6 Rf6 23. Rfe1 (23. f5 $18) 23... Re8 $2 (23... Rxe6 $16 {was necessary.} 24. Rxe6 Rf8) 24. b3 a6 $2 (24... Rxe6 25. Rxe6 Rf8) 25. Qd2 $2 (25. Bh4 $18 {has better winning chances.} Rxf4 26. Qg6 (26. Rxe7 $2 Rxe7 27. Bxe7 Qxe7 $19)) 25... b5 26. Bh4 Rxe6 27. Rxe6 bxc4 28. bxc4 Qa4 {[%emt 0:02:44] Inhibits Qc2.} (28... Qb7 $16) 29. f5 $2 (29. Rxe7 $2 Rxe7 30. Bxe7 Qxc4 $19) (29. Bxe7 Qxc4 30. Qd1 Qd4+ (30... Qxf4 31. Bxd6 Qd4+ 32. Qxd4 $11) 31. Qxd4 Bxd4+ 32. Kf1 Kf7 33. Bxd6 Rxe6 34. dxe6+ Kxe6 $19) ({White must play} 29. Qd3 $18) 29... Rb8 (29... Qxc4 $17 {White must now prevent ...Rb8.} 30. f6 (30. Bxe7 $2 Bd4+ $19) 30... Rf8) 30. Rxe7 {[%emt 0:02:15] [#] And now f6 would win.} Bd4+ 31. Kh1 Qxc4 (31... Qxa3 $2 32. Qxh6 Qa1+ 33. Be1 $18) (31... Be5 $15 32. Qc1 (32. Qxh6 $2 Qd1+) 32... Qb3) 32. Qe1 $2 (32. Re1 $1 $14 {was forced to keep a grip.} Bg7 33. f6) 32... Be5 $1 $19 {[%emt 0:01:56][%cal Oc4d3] ...Qd3! would now be deadly.} 33. f6 Qd3 {[%emt 0:01:09][%cal Ob8b1] [#] ( -> ...Rb1!)} 34. Qg1 (34. f7+ Kf8 35. Re8+ Rxe8 36. fxe8=B Kxe8 37. Bg3 Qxd5 (37... Qxa3 38. Bxe5 dxe5 39. Qxe5+ Kd7 40. Qe6+ Kc7 41. Qc6+ Kb8 42. Qd6+ Ka8 43. Kg1 $11) 38. Qb1) 34... Rb1 {[%emt 0:00:51] Active counter play!} (34... Qxd5 35. Qc1 (35. Rg7+ $2 Kf8 $19) 35... Qb3 36. f7+ (36. Qxh6 $2 {is a self mate.} Qd1+) 36... Kg7 37. f8=R+ Kxf8 38. Qxh6+ Kg8 39. Qg6+ Kf8 40. Qf5+ (40. Qxg4 $2 Qb1+) 40... Kg8 41. Qxg4+ Kf8 42. Qf5+ Kg8 43. Be1 $16) 35. Re8+ Kf7 36. Re7+ Kf8 37. Be1 Bd4 {[%emt 0:00:46] Weighted Error Value: White=1.05/Black=0.43.  Loses game:     	White=1     	Black=2      Missed win:     	White=2     	---        Mistake:       	White=3     	Black=7      Inaccurate:     	White=4     	Black=1      OK:         	White=7     	Black=6      Best:        	White=1     	Black=3      Strong:       	---       	Black=1} 0-1

[Event "Czech Youth U14 Boys 2024"]
[Site "Kouty nad Desnou"]
[Date "2024.03.16"]
[Round "9.4"]
[White "Stara, Zuzana"]
[Black "Vana, Jan"]
[Result "1-0"]
[ECO "B30"]
[WhiteElo "1807"]
[BlackElo "1908"]
[Annotator "RC"]
[PlyCount "120"]
[EventDate "2024.03.10"]
[EventType "swiss"]
[EventCountry "CZE"]
[SourceTitle "playchess.com"]
[Source "ChessBase"]
[SourceQuality "1"]
[TimeControl "40/5400+30:1800+30"]

1. e4 c5 2. Nf3 Nc6 3. Bb5 e6 4. O-O Nge7 5. c3 a6 6. Ba4 b5 7. Bc2 Bb7 8. a3 Rc8 9. d4 cxd4 10. cxd4 d5 11. e5 h6 12. Re1 Qb6 13. Be3 Na5 14. b3 Nf5 15. Bxf5 exf5 16. Bd2 Nc6 17. e6 fxe6 18. Rxe6+ Kd7 19. Re1 Bd6 20. Ne5+ Bxe5 21. dxe5 Ke6 22. Qh5 Ne7 23. Bb4 Rc2 24. Nd2 Qd4 25. Bxe7 Kxe7 26. Qg6 Qxd2 27. Qxg7+ Ke6 28. Qf6+ Kd7 29. Qxf5+ Kc7 30. Qf6 Rg8 31. Qd6+ Kc8 32. Qe6+ Kc7 33. Qxg8 Qxf2+ 34. Kh1 d4 35. Rg1 d3 36. e6 Re2 37. Qf7+ Qxf7 38. exf7 Rf2 39. Rad1 Be4 40. Rc1+ Kd7 41. Rce1 Bc6 42. Re3 d2 43. f8=N+ Kc8 44. Rd3 Be4 45. Rd4 Bc2 46. Ne6 Bxb3 47. Nc5 d1=Q 48. Rgxd1 Bxd1 49. Rxd1 Ra2 50. Nxa6 Rxa3 51. Nc5 Kc7 52. h3 Kc6 53. Ne4 b4 54. Rd6+ Kb5 55. Rxh6 Rd3 56. Rh5+ Kc4 57. Nc5 Rd5 58. Rxd5 Kxd5 59. Nb3 Kc4 60. Nc1 Kd5 1-0

[Event "Czech Youth U14 Boys 2024"]
[Site "Kouty nad Desnou"]
[Date "2024.03.16"]
[Round "9.5"]
[White "Svadlenka, Michal"]
[Black "Sotek, Simon"]
[Result "0-1"]
[ECO "C50"]
[WhiteElo "1869"]
[BlackElo "1793"]
[Annotator "NA RC"]
[PlyCount "56"]
[EventDate "2024.03.10"]
[EventType "swiss"]
[EventCountry "CZE"]
[SourceTitle "playchess.com"]
[Source "ChessBase"]
[SourceQuality "1"]
[TimeControl "40/5400+30:1800+30"]

1. e4 e5 2. Nf3 Nc6 3. Bc4 f5 4. d3 Nf6 5. Nbd2 d6 6. c3 Na5 7. Bb5+ Bd7 8. Bxd7+ Qxd7 9. b4 Nc6 10. Qb3 O-O-O 11. b5 Ne7 12. O-O h6 13. a4 g5 14. Nc4 fxe4 15. dxe4 Nxe4 16. Be3 g4 17. Nfxe5 dxe5 18. Rfd1 Nd5 19. Nxe5 Qe6 20. Bd4 Bg7 21. Nc6 Bxd4 22. Nxd8 Bxf2+ 23. Kh1 Rxd8 24. c4 Ng3+ 25. Qxg3 Bxg3 26. cxd5 Rxd5 27. Rxd5 Qxd5 28. hxg3 Qe5 0-1

[Event "Czech Youth U14 Boys 2024"]
[Site "Kouty nad Desnou"]
[Date "2024.03.16"]
[Round "9.6"]
[White "Roubal, Matyas"]
[Black "Macosek, Alex"]
[Result "1-0"]
[ECO "B06"]
[WhiteElo "1849"]
[BlackElo "1781"]
[Annotator "NA RC"]
[PlyCount "29"]
[EventDate "2024.03.10"]
[EventType "swiss"]
[EventCountry "CZE"]
[SourceTitle "playchess.com"]
[Source "ChessBase"]
[SourceQuality "1"]
[TimeControl "40/5400+30:1800+30"]

1. e4 g6 2. d4 Bg7 3. Nc3 a6 4. a4 d6 5. Be3 Nd7 6. Bc4 e5 7. Nf3 Ne7 8. Bxf7+ Kxf7 9. Ng5+ Kg8 10. Ne6 Qe8 11. Nxc7 Qd8 12. Nxa8 b6 13. dxe5 Bxe5 14. Nd5 Bb7 15. Naxb6 1-0

[Event "Czech Youth U14 Boys 2024"]
[Site "Kouty nad Desnou"]
[Date "2024.03.16"]
[Round "9.7"]
[White "Komarek, Tobias"]
[Black "Mydlar, Matej"]
[Result "1/2-1/2"]
[ECO "A30"]
[WhiteElo "1822"]
[BlackElo "1819"]
[Annotator "NA RC"]
[PlyCount "121"]
[EventDate "2024.03.10"]
[EventType "swiss"]
[EventCountry "CZE"]
[SourceTitle "playchess.com"]
[Source "ChessBase"]
[SourceQuality "1"]
[TimeControl "40/5400+30:1800+30"]

1. c4 c5 2. Nf3 Nc6 3. d4 cxd4 4. Nxd4 d6 5. e4 Nf6 6. Nc3 g6 7. Be2 Bg7 8. Be3 O-O 9. O-O Bd7 10. Qd2 a5 11. f4 Nxd4 12. Bxd4 Bc6 13. Bd3 Re8 14. f5 a4 15. Bc2 Qa5 16. h3 b5 17. cxb5 Bxb5 18. Rf2 Bc6 19. g4 Qb4 20. Rd1 e5 21. Be3 Rab8 22. fxg6 hxg6 23. Qd3 Re6 24. g5 Nd7 25. Rdf1 f6 26. gxf6 Rxf6 27. Nd5 Bxd5 28. Qxd5+ Kh7 29. Rxf6 Nxf6 30. Qe6 Nh5 31. Qd5 Ng3 32. Bd2 Qd4+ 33. Qxd4 exd4 34. Rb1 Re8 35. Re1 d3 36. Bxd3 Bxb2 37. Kg2 Nh5 38. Rb1 a3 39. Kf3 Rf8+ 40. Ke3 Ng7 41. Bb4 Re8 42. Kd2 Rd8 43. Bc4 Ne8 44. Rf1 Nf6 45. Bd5 Kg7 46. Rf3 Re8 47. Kd3 Nxd5 48. exd5 Re5 49. Kc4 Re4+ 50. Kb5 Rd4 51. Bxd6 Rxd5+ 52. Bc5 Rf5 53. Rd3 Kh6 54. Kc4 g5 55. Bxa3 Bxa3 56. Rxa3 Kh5 57. Ra8 Kh4 58. a4 Kxh3 59. a5 g4 60. a6 Ra5 61. Kb4 1/2-1/2

[Event "Czech Youth U14 Boys 2024"]
[Site "Kouty nad Desnou"]
[Date "2024.03.16"]
[Round "9.8"]
[White "Jezek, Jakub"]
[Black "Kutil, Adam"]
[Result "0-1"]
[ECO "B42"]
[WhiteElo "1854"]
[BlackElo "1820"]
[Annotator "NA RC"]
[PlyCount "60"]
[EventDate "2024.03.10"]
[EventType "swiss"]
[EventCountry "CZE"]
[SourceTitle "playchess.com"]
[Source "ChessBase"]
[SourceQuality "1"]
[TimeControl "40/5400+30:1800+30"]

1. e4 c5 2. Nf3 e6 3. d4 cxd4 4. Nxd4 a6 5. Bd3 Qc7 6. O-O Nf6 7. Qe2 d6 8. Be3 Nc6 9. Nxc6 bxc6 10. c4 Be7 11. f4 e5 12. f5 d5 13. cxd5 cxd5 14. Rc1 Qb8 15. exd5 O-O 16. Nc3 Bb7 17. Bc4 Rd8 18. Rd1 Bb4 19. Na4 Ba5 20. Nb6 Bxb6 21. Bxb6 Rd7 22. d6 Rxd6 23. Bc5 Rc6 24. Be3 Qc8 25. Rac1 Qxf5 26. Rf1 Qg6 27. Bb3 Rxc1 28. Rxc1 Bd5 29. Bc4 h6 30. Bxa6 Rxa6 0-1

[Event "Czech Youth U14 Boys 2024"]
[Site "Kouty nad Desnou"]
[Date "2024.03.16"]
[Round "9.9"]
[White "Svadlenka, Dominik"]
[Black "Srba, Daniel"]
[Result "1-0"]
[ECO "D00"]
[WhiteElo "1888"]
[BlackElo "1742"]
[Annotator "NA RC"]
[PlyCount "63"]
[EventDate "2024.03.10"]
[EventType "swiss"]
[EventCountry "CZE"]
[SourceTitle "playchess.com"]
[Source "ChessBase"]
[SourceQuality "1"]
[TimeControl "40/5400+30:1800+30"]

1. d4 d5 2. Nc3 e6 3. Bf4 Nf6 4. Nb5 Bd6 5. Nxd6+ cxd6 6. Nf3 O-O 7. e3 Nc6 8. c4 dxc4 9. Bxc4 d5 10. Bd3 Qa5+ 11. Qd2 Qxd2+ 12. Nxd2 Nb4 13. Bb1 Rd8 14. O-O b6 15. a3 Nc6 16. Bd3 Nh5 17. Bg5 f6 18. Bh4 g5 19. Bg3 Nxg3 20. hxg3 Nb8 21. b4 e5 22. Rac1 e4 23. Nxe4 f5 24. Nxg5 h6 25. Nf3 Be6 26. Rc7 Nd7 27. Nh4 Rf8 28. Rfc1 Kg7 29. R1c6 Rae8 30. Rxe6 Rxe6 31. Rxd7+ Kf6 32. Rxd5 1-0

[Event "Czech Youth U14 Boys 2024"]
[Site "Kouty nad Desnou"]
[Date "2024.03.16"]
[Round "9.10"]
[White "Pogorelskiy, Boris"]
[Black "Stary, Vojtech"]
[Result "1/2-1/2"]
[ECO "B34"]
[WhiteElo "1747"]
[BlackElo "1950"]
[Annotator "NA RC"]
[PlyCount "46"]
[EventDate "2024.03.10"]
[EventType "swiss"]
[EventCountry "CZE"]
[SourceTitle "playchess.com"]
[Source "ChessBase"]
[SourceQuality "1"]
[TimeControl "40/5400+30:1800+30"]

1. e4 c5 2. Nf3 Nc6 3. d4 cxd4 4. Nxd4 Nf6 5. Nc3 e5 6. Nf3 Bb4 7. Bd3 d5 8. exd5 Nxd5 9. Bd2 Nxc3 10. bxc3 Bc5 11. O-O O-O 12. Re1 Qc7 13. Ng5 h6 14. Ne4 Bb6 15. Qh5 Qe7 16. Bxh6 gxh6 17. Qxh6 f6 18. Bc4+ Be6 19. Bxe6+ Qxe6 20. Qg6+ Kh8 21. Qh6+ Kg8 22. Qg6+ Kh8 23. Qh6+ Kg8 1/2-1/2

[Event "Czech Youth U14 Boys 2024"]
[Site "Kouty nad Desnou"]
[Date "2024.03.16"]
[Round "9.11"]
[White "Gregor, Alexandr"]
[Black "Lorenc, Matej"]
[Result "0-1"]
[ECO "B45"]
[WhiteElo "1777"]
[BlackElo "1637"]
[Annotator "NA RC"]
[PlyCount "104"]
[EventDate "2024.03.10"]
[EventType "swiss"]
[EventCountry "CZE"]
[SourceTitle "playchess.com"]
[Source "ChessBase"]
[SourceQuality "1"]
[TimeControl "40/5400+30:1800+30"]

1. e4 c5 2. Nf3 Nc6 3. d4 cxd4 4. Nxd4 e6 5. Nc3 Nf6 6. Be3 Be7 7. Be2 d5 8. exd5 Nxd5 9. Nxd5 Qxd5 10. Bf3 Qa5+ 11. c3 Qc7 12. Qc2 Nxd4 13. Bxd4 e5 14. Be3 O-O 15. O-O-O Be6 16. Bd5 Bxd5 17. Rxd5 Rfd8 18. Rhd1 Rxd5 19. Rxd5 f6 20. Qf5 Rd8 21. Qe6+ Kf8 22. Bxa7 Rxd5 23. Qxd5 b6 24. Qa8+ Bd8 25. Qb8 Ke7 26. Qxc7+ Bxc7 27. b4 Kd7 28. c4 Kc6 29. c5 b5 30. Kb2 Kb7 31. Bb6 Bxb6 32. cxb6 Kxb6 33. Kb3 f5 34. a4 bxa4+ 35. Kxa4 e4 36. g3 g5 37. Kb3 Kb5 38. Kc3 f4 39. Kd4 e3 40. fxe3 f3 41. Ke5 f2 42. Kf5 f1=Q+ 43. Kxg5 Qf3 44. Kh6 Qxe3+ 45. Kxh7 Qg1 46. h4 Qxg3 47. h5 Qc7+ 48. Kg6 Qd8 49. Kg7 Qe7+ 50. Kg6 Qf8 51. h6 Qh8 52. h7 Kxb4 0-1

[Event "Czech Youth U14 Boys 2024"]
[Site "Kouty nad Desnou"]
[Date "2024.03.16"]
[Round "9.12"]
[White "Trcalek, Filip"]
[Black "Migalko, Dmitriy"]
[Result "0-1"]
[ECO "B49"]
[WhiteElo "1615"]
[BlackElo "1896"]
[Annotator "NA RC"]
[PlyCount "94"]
[EventDate "2024.03.10"]
[EventType "swiss"]
[EventCountry "CZE"]
[SourceTitle "playchess.com"]
[Source "ChessBase"]
[SourceQuality "1"]
[TimeControl "40/5400+30:1800+30"]

1. e4 c5 2. Nf3 e6 3. d4 cxd4 4. Nxd4 Nc6 5. Nc3 Qc7 6. Be3 a6 7. Be2 Nf6 8. O-O Be7 9. Nb3 O-O 10. f4 d6 11. Bf3 Bd7 12. a4 Rac8 13. Kh1 Be8 14. g4 Nd7 15. Bg2 Nc5 16. Nxc5 dxc5 17. g5 Rd8 18. Qe2 Nd4 19. Qf2 Bc6 20. Rad1 b5 21. axb5 axb5 22. Ne2 Nxe2 23. Qxe2 Qb7 24. e5 c4 25. c3 Rd3 26. Bd4 Ra8 27. Bxc6 Qxc6+ 28. Qg2 Qxg2+ 29. Kxg2 Rxd1 30. Rxd1 Ra2 31. Rb1 Ba3 32. Kg3 Rxb2 33. Ra1 Rb3 34. Rd1 h6 35. gxh6 gxh6 36. Rg1 Kh7 37. Kh4 Be7+ 38. Kg4 b4 39. Rg3 bxc3 40. Rxc3 Rxc3 41. Bxc3 Kg6 42. h3 h5+ 43. Kg3 Kf5 44. Kf3 Ba3 45. Kg3 Bc1 46. Kh4 Bxf4 47. Kxh5 Bxe5 0-1